AoeStats
← Imperio Argentino

Arena

509264911Analyzed
1v1 RM · 6d ago on Sep 26, 2026· 45m 18s· 2 players
Game mode
Random Map
Map size
Tiny (2 player)
Population
200
Speed
Normal
Resources
Standard
Victory
Conquest
Starting age
Dark Age
Ending age
Imperial Age
RankedLock teamsTeams togetherTeam positionsShared explorationLock speedFull tech treeHidden civsTurbo modeCheats
Victory
Defeat
🇨🇴 Inca · Colombia
721
+18
🇦🇷 Tatars · Argentina
767
-18
Imperio Argentino
0:48 Loom
14:27 Feudal Age
15:59 Feudal Age
17:09 Horse Collar
18:10 Wheelbarrow
21:54 Castle Age
19:53 Gold Mining
19:54 Stone Mining
20:00 Double-Bit Axe
20:51 Forging
20:47 Scale Barding Armor
21:31 Scale Mail Armor
22:05 Town Watch
23:32 Hand Cart
24:07 Gold Shaft Mining
24:05 Heavy Plow
26:47 Iron Casting
26:32 Chain Barding Armor
27:42 Pikeman
28:22 Squires
29:54 Bow Saw
30:22 Husbandry
34:29 Imperial Age
32:17 Bloodlines
33:02 Town Patrol
33:14 Arson
34:27 Murder Holes
34:43 Halberdier
35:56 Crop Rotation
36:43 Blast Furnace
36:19 Plate Barding Armor
36:21 Conscription
35:44 Elite Keshik
40:28 Plate Barding Armor
39:36 Man-at-Arms
41:29 Long Swordsman
43:22 Two-Handed Swordsman
pablocaicedo83
10:09 Feudal Age
12:20 Horse Collar
17:53 Castle Age
17:04 Stone Mining
17:03 Double-Bit Axe
19:53 Gold Mining
20:24 Bow Saw
20:18 Heavy Plow
21:44 Stone Shaft Mining
21:06 Gold Mining
23:23 Scale Mail Armor
24:44 Gold Shaft Mining
30:47 Imperial Age
28:37 Forging
28:42 Chain Mail Armor
28:30 Padded Archer Armor
28:20 Fletching
32:53 Capped Ram
34:14 Iron Casting
33:35 Bodkin Arrow
34:10 Plate Mail Armor
33:56 Leather Archer Armor
33:48 Elite Kamayuk
35:21 Hoardings
35:17 Fabric Shields
35:23 Fabric Shields
37:21 Ballistics
38:02 Chemistry
38:51 Wheelbarrow
38:32 Elite Skirmisher
39:51 Bracer
40:52 Blast Furnace
40:22 Ring Archer Armor
40:03 Siege Ram
Connection lost

Rejoining the realm…

Still unreachable

The connection could not be restored.

Session expired

The server has moved on; the page needs a fresh start.